cohdb
Replays
Latest Replays
All Replays
Popular Replays
Top Player Replays
Match Explorer
How It Works
Community
CoH3 Stats
Reddit
Sign in to upload your games and track your stats! →
Sign in with Steam
Match 41528013
Unlisted
Match 41528013
Overview
Messages
Build Orders
End
Construct Section Command Post
Royal Engineer Section
Selects Canadian Shock Battlegroup
Dingo Light Scout Car
Infantry Section
Construct Field Infirmary
ML 3-inch Mortar Team
Infantry Section
Selects Incendiary Munitions
Selects Attacking Spirit
Construct Platoon Command Post
Grenade Package
Humber Armored Car
Royal Engineer Section
Selects Canadian Shock Section
Canadian Shock Section
Infantry Section
Vickers Machine Gun Team
Infantry Training
6-pounder Anti-tank Gun Team
Royal Engineer Section
Construct Company Command Post
coledj0408
S.W.A
IronMan
[LTD] Charette
0
0
Comments
sign in to comment!
No comments posted yet!